 Dungeon Crawl Stone Soup version 0.24.1-14-gf8d2b509d9 (webtiles) character file.

Game seed: 3994632482597691481, levelgen mode: deterministic

51 Gabide the Skirmisher (level 4, -5/29 HPs)
             Began as a Kobold Abyssal Knight on May 22, 2020.
             Was a Believer of Lugonu.
             Slain by Terence
             ... wielding a +0 morningstar
              (10 damage)
             ... on level 2 of the Dungeon.
             The game lasted 00:03:34 (1733 turns).

Gabide the Skirmisher (Kobold Abyssal Knight)       Turns: 1733, Time: 00:03:35

Health: -5/29      AC:  3    Str: 10    XL:     4   Next: 7%
Magic:  5/5        EV: 15    Int: 13    God:    Lugonu [**....]
Gold:   135        SH:  0    Dex: 14    Spells: 3/3 levels left

rFire    . . .     SeeInvis .   a - +2 mace
rCold    . . .     Gourm    .   (shield restricted)
rNeg     . . .     Faith    .   b - +0 leather armour
rPois    .         Spirit   .   (no helmet)
rElec    .         Reflect  .   (no cloak)
rCorr    .         Harm     .   (no gloves)
MR       .....                  (no boots)
Stlth    +.........             (no amulet)
HPRegen  0.09/turn              (no ring)
MPRegen  0.09/turn              (no ring)

@: no status effects
A: small, carnivore
a: Depart the Abyss, Bend Space, Renounce Religion


You were on level 2 of the Dungeon.
You worshipped Lugonu.
Lugonu was pleased with you.
You were completely stuffed.

You visited 1 branch of the dungeon, and saw 2 of its levels.
You visited the Abyss 1 time.

You collected 135 gold pieces.

Inventory:

Hand Weapons
 a - a +2 mace (weapon)
Armour
 b - a +0 leather armour (worn)
Jewellery
 k - a cursed -3 ring of protection {unknown}
Scrolls
 h - a scroll of identify {unknown}
 n - a scroll of remove curse
 o - a scroll of random uselessness {unknown}
Potions
 d - a potion of curing {unknown}
 g - a potion of haste {unknown}
 i - a potion of invisibility {unknown}
 m - a potion of flight {unknown}
Comestibles
 c - 4 rations
 l - a chunk of flesh


   Skills:
 + Level 4.0 Fighting
 + Level 2.3 Maces & Flails
 + Level 1.1 Armour
 + Level 3.1 Dodging
 + Level 2.2 Invocations


You had 3 spell levels left.
You didn't know any spells.
Your spell library was empty.

Dungeon Overview and Level Annotations

Branches:
Dungeon (2/15)

Altars:
Uskayaw

Annotations:
D:2 Terence


Innate Abilities, Weirdness & Mutations

You are small and have problems with some larger weapons.
You are carnivorous and can eat meat at any time.


Message History

As you read the scroll labeled HINAOZ DIHO, it crumbles to dust.
It is a scroll of amnesia.
You feel forgetful for a moment.
Terence says, "Don't bother to defend, it's useless."
Terence closely misses you.
You hit Terence but do no damage.
Terence is severely wounded.
Terence closely misses you.
Your leather armour prevents you from hitting Terence.
Terence is severely wounded.
Terence hits you with a +0 morningstar.
* * * LOW HITPOINT WARNING * * *
You closely miss Terence.
Terence is severely wounded.
Terence misses you.
You closely miss Terence.
Terence is severely wounded.
Terence shouts, "ATTACK!!!"
Terence hits you with a +0 morningstar!
You die...

#.###.#####
#############
#.# #.#
#§§§§§§§§..
#.# #.#
#§#########
#.# #.# #§#
#.# #.####
#§# ..#
#....# #§#
### ####.#
#.#
#.######.#
#@@l.....#
##########


You could see Terence and a frilled lizard.

Vanquished Creatures
  An adder (D:2)
  3 dart slugs
  4 bats
  A giant cockroach (D:1)
  7 goblins
  4 hobgoblins
  4 jackals (D:1)
  2 frilled lizards
  A kobold (D:2)
  9 rats
36 creatures vanquished.

Notes
Turn   | Place    | Note
-------+----------+-------------------------------------------
     0 | Abyss:1  | Gabide the Kobold Abyssal Knight began the quest for the
                  | Orb.
     0 | Abyss:1  | Reached XP level 1. HP: 14/14 MP: 2/2
    25 | Abyss:1  | Found a corrupted altar of Lugonu.
    34 | Abyss:1  | Found a corrupted altar of Lugonu.
    69 | Abyss:1  | Noticed a large abomination
    91 | Abyss:1  | Noticed a small abomination
   103 | Abyss:1  | Noticed a large abomination
   117 | Abyss:1  | Noticed a wizard
   118 | D:1      | Escaped the Abyss
   336 | D:1      | Reached * piety under Lugonu
   336 | D:1      | Reached XP level 2. HP: 20/20 MP: 3/3
   686 | D:1      | Reached XP level 3. HP: 12/24 MP: 4/4
  1110 | D:1      | Reached skill level 1 in Armour
  1272 | D:2      | Reached skill level 4 in Fighting
  1455 | D:2      | Reached ** piety under Lugonu
  1516 | D:2      | Found a hide-covered altar of Uskayaw.
  1593 | D:2      | Reached XP level 4. HP: 29/29 MP: 5/5
  1694 | D:2      | Noticed Terence
  1733 | D:2      | Slain by Terence

Levels and vault maps discovered:
D:1:      dpeg_arrival_yet_another_circle, layout_basic
D:2:      layout_basic, nicolae_overflow_crystal_walls, marbit_many_paths,
          grunt_ministairs_8, uniq_terence

Skill      XL: |  1  2  3 |
---------------+----------+-----
Maces & Flails | 2 |  2.3
Armour         | 1 |  1.1
Fighting       | 4 |  4.0
Dodging        | 3 |  3.1
Invocations    | |  2.2

Action                   |  1- 3 |  4- 6 || total
-------------------------+-------+-------++-------
Melee: Mace              |    93 |    14 ||   107
Invok: Depart the Abyss  |     1 |       ||     1
  Use: Scroll            |     3 |     3 ||     6
  Eat: Chunk             |    11 |       ||    11
Armor: Leather armour    |    27 |     1 ||    28
Dodge: Dodged            |   110 |    15 ||   125
